[Event "Late-Titled-Tuesday-Blitz-April-16-2024"]
[Site "Chess.com"]
[Date "2024.04.16"]
[Round "1"]
[White "Viktoker"]
[Black "DonkyDonkyDonkey"]
[Result "0-1"]
[WhiteElo "2489"]
[BlackElo "2909"]
[TimeControl "180+1"]
[EndTime "14:06:01 PDT"]
[Termination "DonkyDonkyDonkey won by checkmate"]

1. d4 Nf6 2. c4 g6 3. Nc3 d5 4.
cxd5 Nxd5 5. Na4 Bg7 6. e4 Nb6 7. Be3 O-O 8. Nc3 Nc6 9. Nf3 Bg4 10. d5 Ne5 11. Be2 Bxf3 12. Bxf3 Nbc4 13. Bc1 Nxf3+ 14.
Qxf3 c6 15. O-O cxd5 16. Nxd5 e6 17. Nc3 Rc8 18. Rd1 Qb6 19. Qe2 Qa6 20. h4 Nxb2 21. Qxa6 bxa6 22. Bxb2 Bxc3 23. Bxc3 Rxc3 24. Rd7 Rc4 25.
Rxa7 Ra4 26. Rb1 Rxa2 27. Rb6 Re2 28. Rbb7 Rxe4 29. Rxa6 Rxh4 30. Raa7 Rf4 31. f3 h5 32.
Kh2 Kg7 33. Kg3 Rf5 34. Kf2 Rc8 35. Kg3 Rc2 36. Kh3 g5 37. Rd7 Rc3 38. Kg3 g4 39. Kh4 gxf3 40. gxf3 Rfxf3 41. Kxh5 Rc4 42. Kg5 Rf5# 0-1

[Event "Late-Titled-Tuesday-Blitz-April-16-2024"]
[Site "Chess.com"]
[Date "2024.04.16"]
[Round "1"]
[White "BabageldiAnnaberdiyev"]
[Black "Shodikulov_Jamshid1990"]
[Result "1-0"]
[WhiteElo "2599"]
[BlackElo "2272"]
[TimeControl "180+1"]
[EndTime "14:06:01 PDT"]
[Termination "BabageldiAnnaberdiyev won by resignation"]

1. e4 c5 2. Nf3 e6 3. d3 d5 4.
Nbd2 Nf6 5. g3 Nc6 6. Bg2 Bd6 7.
O-O O-O 8. Re1 Qc7 9. Qe2 dxe4 10. dxe4 e5 11. c3 Re8 12. Nc4 Bg4 13. Bg5 Be7 14.
Ne3 Be6 15. Bxf6 Bxf6 16. Nd5 Bxd5 17. exd5 Nb8 18. c4 Nd7 19. Rad1 Qd6 20. Nd2 Bd8 21.
Bh3 Nf6 22. b3 Ba5 23. Bg2 Bc3 24. Qd3 Bd4 25. h3 g6 26. Rf1 Qa6 27. a4 Qd6 28. Kh2 Nh5 29. Bf3 Ng7 30. Ne4 Qd8 31. g4 f5 32.
gxf5 gxf5 33. Rg1 fxe4 34. Bxe4 Qh4 35. Rg2 Kh8 36. Rdg1 Rg8 37. Rg4 Qxf2+ 38. R1g2 Qe3 39. Bxh7 Qh6 40. Bxg8 Rxg8 41. Qe4 Be3 42. Rh4 Bf4+ 43. Qxf4 1-0

[Event "Late-Titled-Tuesday-Blitz-April-16-2024"]
[Site "Chess.com"]
[Date "2024.04.16"]
[Round "1"]
[White "TiagoMangialardo"]
[Black "Speed-O-Sonic"]
[Result "0-1"]
[WhiteElo "2076"]
[BlackElo "2546"]
[TimeControl "180+1"]
[EndTime "14:06:01 PDT"]
[Termination "Speed-O-Sonic won on time"]

1. e4 c6 2. c4 d5 3. exd5 cxd5 4. cxd5 Nf6 5. Bb5+ Nbd7 6. Nf3 Nxd5 7. d4 e6 8. O-O Be7 9. Nc3 Nf6 10. Bg5 O-O 11. h3 a6 12. Bd3 h6 13. Bh4 b5 14. Ne4 Bb7 15. Nxf6+ Bxf6 16. Bg3 Nb6 17. Ne5 Qd5 18. Nf3 Rac8 19. Re1 Rfd8 20. Be4 Qd7 21. Ne5 Bxe5 22. Bxe5 Nc4 23. Bg3 Nxb2 24. Qh5 Nc4 25. Rad1 Bxe4 26. Rxe4 Qd5 27. Qe2 Rd7 28. Rg4 Rcd8 29. Qd3 Nb2 0-1

[Event "Late-Titled-Tuesday-Blitz-April-16-2024"]
[Site "Chess.com"]
[Date "2024.04.16"]
[Round "1"]
[White "Doublekk14"]
[Black "AradNazari"]
[Result "0-1"]
[WhiteElo "2395"]
[BlackElo "2708"]
[TimeControl "180+1"]
[EndTime "14:06:03 PDT"]
[Termination "AradNazari won on time"]

1. c4 c5 2. Nc3 Nc6 3. Nf3 e5 4. e3 Nf6 5. d4 e4 6. Ng5 cxd4 7.
exd4 Bb4 8. d5 Bxc3+ 9. bxc3 Na5 10. Qd4 O-O 11. Be2 Re8 12. O-O d6 13. Bd1 h6 14.
Nh3 Bxh3 15. gxh3 Qc8 16. Kg2 Nxc4 17. Bf4 Ne5 18. Be2 Qf5 19. Bg3 Ng6 20. Bxd6 Rad8 21. Bg3 Nxd5 22. Qxa7 Ndf4+ 0-1

[Event "Late-Titled-Tuesday-Blitz-April-16-2024"]
[Site "Chess.com"]
[Date "2024.04.16"]
[Round "1"]
[White "amanmuhammethommadov"]
[Black "Heydarli77"]
[Result "1-0"]
[WhiteElo "2807"]
[BlackElo "2442"]
[TimeControl "180+1"]
[EndTime "14:06:04 PDT"]
[Termination "amanmuhammethommadov won by resignation"]

1. e4 c5 2. Nf3 e6 3. c3 d5 4. e5 Nc6 5. d4 cxd4 6. cxd4 Qb6 7. Nc3 Nge7 8. a3 Nf5 9. Na4 Qd8 10.
Bg5 Be7 11. Bxe7 Qxe7 12. b4 O-O 13. Rc1 Bd7 14. Nc5 Rab8 15. Nb3 Rfc8 16. Bd3 Nh4 17. O-O Nxf3+ 18. Qxf3 f5 19. exf6 Qxf6 20. Qe3 Be8 21.
Rfe1 Bf7 22. f4 Re8 23. Bb5 Rbc8 24. Bxc6 bxc6 25. Nc5 Qf5 26. Nd3 Re7 27. Ne5 Be8 28.
Rc5 Rcc7 29. g3 h5 30. Rec1 h4 31. b5 hxg3 32. hxg3 g5 33. fxg5 Rh7 34. g4 Qf8 35. Rf1 Qg7 36. bxc6 Rh4 37. Qf2 Rh3 38. Qf6 Rxa3 39.
Qxg7+ Kxg7 40. Rb1 Bxc6 41. Rxc6 Rxc6 42. Nxc6 Rg3+ 43.
Kf2 Rxg4 44. Rb7+ Kg6 45. Ne5+ Kxg5 46. Nxg4 Kxg4 47. Rxa7 Kf4 48. Re7 Ke4 49. Rxe6+ Kxd4 50. Ke2 1-0

[Event "Late-Titled-Tuesday-Blitz-April-16-2024"]
[Site "Chess.com"]
[Date "2024.04.16"]
[Round "1"]
[White "Hikaru"]
[Black "PotapovaM"]
[Result "1-0"]
[WhiteElo "3271"]
[BlackElo "2540"]
[TimeControl "180+1"]
[EndTime "14:06:07 PDT"]
[Termination "Hikaru won by resignation"]

1. d4 Nf6 2. Bg5 Ne4 3. Bf4 c5 4. f3 Qa5+ 5. c3 Nf6 6. d5 e6 7. e4 exd5 8. e5 Nh5 9. Bc1 Qd8 10. g3 d4 11. f4 g6 12. cxd4 cxd4 13. Nf3 Nc6 14. Nxd4 d6 15. Nxc6 bxc6 16. Bg2 d5 17. Be3 Bb4+ 18. Nc3 Ng7 19. O-O Nf5 20. Bf2 O-O 21.
a3 Ba5 22. Qa4 Bd7 23. Qc2 Bb6 24. Qd2 Rb8 25. Na4 Bxf2+ 26. Rxf2 Qe7 27. Rc1 Rb5 28. Bf1 Rbb8 29. Nc5 Bc8 30. b4 f6 31. e6 Ng7 32.
Re1 Re8 33. Rfe2 a5 34. Qc3 axb4 35. axb4 Ra8 36. g4 f5 37. g5 Nh5 38. Qd4 Ba6 39. Re3 Bxf1 40. Nd7 Bc4 41. Nf6+ Kf8 42. Nxh5 Kg8 43.
Nf6+ 1-0

[Event "Late-Titled-Tuesday-Blitz-April-16-2024"]
[Site "Chess.com"]
[Date "2024.04.16"]
[Round "1"]
[White "DanielDardha2005"]
[Black "Fengwi"]
[Result "1-0"]
[WhiteElo "2864"]
[BlackElo "2472"]
[TimeControl "180+1"]
[EndTime "14:06:07 PDT"]
[Termination "DanielDardha2005 won by resignation"]

1. e4 c5 2. Qg4 Nf6 3. Qh4 Nc6 4. Nf3 g6 5. Bb5 Bg7 6. Bxc6 dxc6 7. d3 h6 8. e5 Nd5 9. O-O Qc7 10. Qg3 O-O 11.
a3 f5 12. Qxg6 e6 13. Bxh6 Qf7 14. Qxg7+ Qxg7 15. Bxg7 Kxg7 16. Nc3 Nf4 17. b4 cxb4 18. axb4 Kf7 19. g3 Ng6 20. Ng5+ Ke7 21. f4 b6 22. Ne2 Rd8 23. Kf2 Bb7 24. Ke3 Kd7 25. Nd4 Nf8 26. h4 c5 27. bxc5 bxc5 28. Nb3 Rdc8 29.
Na5 Rab8 30. Nc4 Ra8 31. h5 Bd5 32. Rfb1 Bxc4 33. dxc4 a5 34. Rb7+ Rc7 35. Rxc7+ Kxc7 36. h6 Kd7 37. h7 Ng6 38. Rd1+ Ke7 39. Rd6 a4 40.
Rxe6+ Kd7 41. Rxg6 a3 42. Rg8 1-0

[Event "Late-Titled-Tuesday-Blitz-April-16-2024"]
[Site "Chess.com"]
[Date "2024.04.16"]
[Round "1"]
[White "masnyszachistaaa"]
[Black "expii"]
[Result "1-0"]
[WhiteElo "2570"]
[BlackElo "2226"]
[TimeControl "180+1"]
[EndTime "14:06:08 PDT"]
[Termination "masnyszachistaaa won by resignation"]

1. c4 e6 2. Nf3 d5 3. e3 c5 4.
cxd5 exd5 5. b3 Nc6 6. Bb2 Nf6 7.
Bb5 Bd7 8. O-O Be7 9. Bxc6 Bxc6 10. Ne5 O-O 11. Nxc6 bxc6 12. Nc3 Nd7 13. Na4 Bf6 14. Bxf6 Qxf6 15. Rc1 Qe7 16. Qc2 c4 17. bxc4 Nb6 18. cxd5 cxd5 19. Qc5 Qxc5 20. Nxc5 Rac8 21. Nb3 Nc4 22.
d3 Nd6 23. Nd4 Rxc1 24. Rxc1 f5 25. Rc6 Rd8 26. Rc5 Nf7 27. Nxf5 1-0

[Event "Late-Titled-Tuesday-Blitz-April-16-2024"]
[Site "Chess.com"]
[Date "2024.04.16"]
[Round "1"]
[White "N18player"]
[Black "MikeSailer"]
[Result "1-0"]
[WhiteElo "2550"]
[BlackElo "2150"]
[TimeControl "180+1"]
[EndTime "14:06:08 PDT"]
[Termination "N18player won by resignation"]

1. Nf3 d5 2. e3 Nf6 3. c4 e6 4. b3 c5 5. cxd5 exd5 6. Bb2 Nc6 7. Bb5 Bd7 8. O-O a6 9. Bxc6 Bxc6 10. Ne5 Bb5 11. d3 Bd6 12. a4 Bxe5 13. Bxe5 Bc6 14. Nc3 O-O 15. d4 Re8 16. Rc1 cxd4 17. Qxd4 Qe7 18. Bxf6 Qxf6 19. Qxf6 gxf6 20. Rfd1 Rad8 21. Rd4 Re5 22. b4 b6 23. b5 axb5 24. axb5 Bb7 25.
Na4 Re6 26. Rc7 Ba8 27. h3 Kg7 28. Kf1 Kg6 29. Ke2 f5 30. Kf3 Kf6 31. Nc3 Re7 32. Rxe7 Kxe7 33. Kf4 Ke6 34. g3 Rc8 35. Na4 Rc4 36.
Nxb6 Rxd4+ 37. exd4 Bb7 38. Na4 Bc8 39. Nc5+ Kd6 40. b6 Kc6 41. b7 Bxb7 42. Nxb7 Kxb7 43. Kxf5 Kc6 44. Ke5 Kb5 45. Kxd5 1-0

[Event "Late-Titled-Tuesday-Blitz-April-16-2024"]
[Site "Chess.com"]
[Date "2024.04.16"]
[Round "1"]
[White "Yushko_Olga"]
[Black "Statham_01"]
[Result "0-1"]
[WhiteElo "2297"]
[BlackElo "2611"]
[TimeControl "180+1"]
[EndTime "14:06:09 PDT"]
[Termination "Statham_01 won by checkmate"]

1. d4 Nf6 2. c4 e6 3. Nc3 Bb4 4. Bd2 c5 5. dxc5 Na6 6. Nf3 Nxc5 7. g3 d5 8. cxd5 exd5 9. e3 O-O 10. Bg2 Nd3+ 11. Kf1 Ne4 12. Nxe4 dxe4 13. Bxb4 exf3 14. Bxf8 fxg2+ 15. Kxg2 Kxf8 16. Rc1 Bf5 17. Rc2 b6 18. Rd2 Qd7 19. h3 Qb7+ 20. f3 Re8 21. Rxd3 Bxd3 22. Qxd3 Kg8 23. Rd1 h5 24. e4 Qe7 25. Qd7 Qe5 26.
Rd2 h4 27. Qg4 hxg3 28. Qxg3 Qa5 29. Qd6 Re6 30. Qd8+ Kh7 31. a3 Rg6+ 32. Kh1 Qh5 33. Qd7 Qxf3+ 34. Kh2 Qg3+ 35. Kh1 Qg1# 0-1

[Event "Late-Titled-Tuesday-Blitz-April-16-2024"]
[Site "Chess.com"]
[Date "2024.04.16"]
[Round "1"]
[White "AlphaGoosee"]
[Black "chess_sharparchitect"]
[Result "1-0"]
[WhiteElo "2582"]
[BlackElo "2235"]
[TimeControl "180+1"]
[EndTime "14:06:09 PDT"]
[Termination "AlphaGoosee won by resignation"]

1. e4 c5 2. Nf3 d6 3. d4 cxd4 4. Nxd4 Nf6 5. Nc3 a6 6. f3 e5 7. Nb3 Be7 8. Be3 Be6 9. Qd2 Nbd7 10. g4 h6 11. O-O-O b5 12. a3 Nc5 13. Nxc5 dxc5 14.
Nd5 Bxd5 15. exd5 Bd6 16. c4 bxc4 17. Bxc4 Qb6 18. h4 Rb8 19. g5 Nh5 20. gxh6 gxh6 21. Rhg1 Kd7 22. b3 a5 23. a4 Rhe8 24. Bb5+ Kc7 25.
Qd3 Re7 26. Bxh6 Nf6 27. Bg5 e4 28. fxe4 Rxe4 29. Bxf6 Bf4+ 30. Kb1 Re3 31. d6+ Kb7 32. Qd5+ Ka7 33. Rg7 Rxb3+ 34. Qxb3 c4 35. Rxf7+ 1-0

[Event "Late-Titled-Tuesday-Blitz-April-16-2024"]
[Site "Chess.com"]
[Date "2024.04.16"]
[Round "1"]
[White "MaiqMaster"]
[Black "MarcoRiehle"]
[Result "0-1"]
[WhiteElo "2408"]
[BlackElo "2737"]
[TimeControl "180+1"]
[EndTime "14:06:10 PDT"]
[Termination "MarcoRiehle won by checkmate"]

1. d4 d5 2. c4 e6 3. Nf3 Nf6 4. e3 b6 5. b3 Bb7 6. Be2 Nbd7 7.
O-O Rc8 8. Bb2 Be7 9. Nbd2 O-O 10. Rc1 c5 11. Ne5 Nxe5 12. dxe5 Nd7 13. Qc2 Qc7 14.
f4 Rfd8 15. Nf3 a6 16. Rfd1 Nf8 17. Kh1 dxc4 18. bxc4 Rxd1+ 19. Rxd1 Rd8 20. Rxd8 Bxd8 21. Nd2 Qd7 22. Qd3 Qxd3 23. Bxd3 Nd7 24. Be4 Bxe4 25. Nxe4 Be7 26. Kg1 Kf8 27. Kf2 Ke8 28. Ke2 Kd8 29. Kd3 Kc7 30. g4 Kc6 31. a4 b5 32. axb5+ axb5 33. cxb5+ Kxb5 34. Nd2 Nb6 35. f5 c4+ 36. Ke4 Nd5 37. Nb1 Bb4 38. Bd4 g6 39. fxg6 fxg6 40. Kf3 Ka4 41. Ke2 Kb3 42. Nd2+ Bxd2 43. Kxd2 c3+ 44. Kc1 Nb4 45. h4 Na2+ 46. Kb1 c2+ 47. Ka1 c1=Q# 0-1

[Event "Late-Titled-Tuesday-Blitz-April-16-2024"]
[Site "Chess.com"]
[Date "2024.04.16"]
[Round "1"]
[White "SmirnovTimofey2000"]
[Black "JiangoFett"]
[Result "0-1"]
[WhiteElo "1988"]
[BlackElo "2543"]
[TimeControl "180+1"]
[EndTime "14:06:10 PDT"]
[Termination "JiangoFett won by resignation"]

1. e4 c5 2. c3 Nf6 3. e5 Nd5 4. Nf3 Nc6 5. Bc4 Nb6 6. Bb3 c4 7. Bc2 d6 8. exd6 Qxd6 9. O-O Bg4 10. h3 Bh5 11. d4 cxd3 12. Bxd3 Rd8 13. Be2 Qc7 14.
Qc2 Bg6 15. Qb3 e6 16. Bg5 Rd5 17. Nbd2 h6 18. Bh4 Bd6 19. Nc4 Bc5 20. Bg3 Qxg3 21. Nxb6 axb6 22. Kh1 Bxf2 23. Rad1 O-O 24. Rxd5 exd5 25.
Qxd5 Re8 26. Bc4 Bc5 27. Qd2 Bd6 28. Qf2 Qf4 29. Qxb6 Qxc4 0-1

[Event "Late-Titled-Tuesday-Blitz-April-16-2024"]
[Site "Chess.com"]
[Date "2024.04.16"]
[Round "1"]
[White "GMMikhailKazakov"]
[Black "BogdanDeac"]
[Result "0-1"]
[WhiteElo "2514"]
[BlackElo "3011"]
[TimeControl "180+1"]
[EndTime "14:06:11 PDT"]
[Termination "BogdanDeac won on time"]

1. d4 Nf6 2. c4 e6 3. g3 d5 4. Bg2 dxc4 5. Nf3 a6 6. O-O Nc6 7.
Bg5 Be7 8. Nc3 O-O 9. e4 h6 10. Bxf6 Bxf6 11. e5 Be7 12. a3 Rb8 13. Qe2 Nxd4 14.
Qxc4 Nxf3+ 15. Bxf3 b5 16. Qe2 c5 17. Be4 Bb7 18.
Bxb7 Rxb7 19. a4 c4 20. axb5 axb5 21. Ra6 Qb8 22. Rd1 Rc8 23. f4 b4 24. Ne4 c3 25.
bxc3 bxc3 26. Nd6 Bxd6 27. Raxd6 c2 28. Rc1 Rb1 29. Qf1 Rxc1 0-1

[Event "Late-Titled-Tuesday-Blitz-April-16-2024"]
[Site "Chess.com"]
[Date "2024.04.16"]
[Round "1"]
[White "diokletian"]
[Black "zacachess"]
[Result "1-0"]
[WhiteElo "2647"]
[BlackElo "2352"]
[TimeControl "180+1"]
[EndTime "14:06:12 PDT"]
[Termination "diokletian won on time"]

1. e4 c5 2. Nf3 d6 3. d4 cxd4 4. Nxd4 Nf6 5. Nc3 Nc6 6. f3 e5 7. Nb3 Be7 8. Be3 O-O 9. Qd2 Be6 10. O-O-O a5 11. Bb5 Na7 12. Be2 Nc6 13. Na4 d5 14. Bb6 Qb8 15. Nbc5 Rc8 16. Nxe6 fxe6 17. Kb1 Bd8 18. g4 dxe4 19. fxe4 Nxe4 20. Qd7 Bf6 21. Qxe6+ Kh8 22. Bd3 Ng5 23. Qf5 Rf8 24. h4 g6 25.
Qd7 Nf3 26. g5 Bg7 27. h5 e4 28. hxg6 Qe5 29. Rxh7+ Kg8 30. Bc4+ 1-0

[Event "Late-Titled-Tuesday-Blitz-April-16-2024"]
[Site "Chess.com"]
[Date "2024.04.16"]
[Round "1"]
[White "GaiozNigalidze"]
[Black "serefra99"]
[Result "1-0"]
[WhiteElo "2710"]
[BlackElo "2396"]
[TimeControl "180+1"]
[EndTime "14:06:14 PDT"]
[Termination "GaiozNigalidze won by resignation"]

1. d4 d5 2. c4 e6 3. cxd5 exd5 4. Nc3 c6 5. Nf3 Bf5 6. g3 Nf6 7. Bg2 Be7 8. O-O O-O 9. Bf4 h6 10. h3 Re8 11. g4 Bh7 12. Ne5 Nfd7 13. Nd3 Nf6 14. Nc5 Bxc5 15. dxc5 Nbd7 16. Bd6 Ne4 17. Nxe4 Bxe4 18. e3 Bxg2 19. Kxg2 Nf6 20. Qd4 Re4 21. Qd3 Qd7 22. f3 Re6 23. h4 Rae8 24. Bf4 Nh7 25.
Rae1 Nf8 26. h5 Qe7 27. b4 Qf6 28. a3 g5 29. hxg6 Qxg6 30. Qd4 h5 31. Kf2 hxg4 32. Rh1 f6 33. Rh4 g3+ 34. Bxg3 R8e7 35. Rg4 1-0

[Event "Late-Titled-Tuesday-Blitz-April-16-2024"]
[Site "Chess.com"]
[Date "2024.04.16"]
[Round "1"]
[White "micke12a"]
[Black "FontVella8"]
[Result "0-1"]
[WhiteElo "2418"]
[BlackElo "2755"]
[TimeControl "180+1"]
[EndTime "14:06:15 PDT"]
[Termination "FontVella8 won by resignation"]

1. e4 c6 2. d4 d5 3. e5 Bf5 4.
h4 h5 5. c4 e6 6. Nc3 dxc4 7.
Bxc4 Nd7 8. Nge2 Ne7 9. Ng3 Bg6 10. O-O Nf5 11. Bg5 Be7 12. Bxe7 Qxe7 13. Nxf5 Bxf5 14.
g3 g5 15. hxg5 Qxg5 16. Qc1 Qxc1 17. Raxc1 Ke7 18. f3 Rag8 19. Kf2 c5 20. dxc5 Nxe5 21. Be2 h4 22. g4 Bd3 23. Rcd1 Rd8 24. b4 Rd7 25. a3 Rhd8 26. Bxd3 Rxd3 27. Rxd3 Rxd3 28. Nb5 Rxf3+ 29. Kg2 h3+ 30. Kg1 Rxf1+ 31. Kxf1 Nxg4 32. Nxa7 f5 33. b5 f4 34. c6 h2 35. Kg2 f3+ 36.
Kh1 f2 0-1

[Event "Late-Titled-Tuesday-Blitz-April-16-2024"]
[Site "Chess.com"]
[Date "2024.04.16"]
[Round "1"]
[White "ellatambien"]
[Black "kripri"]
[Result "1-0"]
[WhiteElo "2715"]
[BlackElo "2399"]
[TimeControl "180+1"]
[EndTime "14:06:15 PDT"]
[Termination "ellatambien won by resignation"]

1. e4 e6 2. d4 d5 3. exd5 exd5 4. Qf3 Nf6 5. h3 Bd6 6. Bd3 h6 7. Ne2 O-O 8. O-O c6 9. Bf4 Re8 10. Nd2 b6 11. Ng3 Ba6 12. Bxa6 Nxa6 13. Bxd6 Qxd6 14. Nf5 Qe6 15. c3 c5 16. Rad1 Rad8 17. a3 Ne4 18.
Nxe4 dxe4 19. Qg4 Qg6 20. Qxg6 fxg6 21. Ne3 cxd4 22. cxd4 Nc7 23. d5 Rd6 24. Rd4 Red8 25. Rfd1 Re8 26. Nc4 Rd7 27. d6 Nb5 28. Rd5 a6 29. a4 Na7 30. Nxb6 Rb7 31. Nc4 Nc6 32. Rc5 Nb4 33. d7 Rd8 34. Rc8 Rb8 35. Rxb8 Rxb8 36. d8=Q+ Rxd8 37. Rxd8+ 1-0

[Event "Late-Titled-Tuesday-Blitz-April-16-2024"]
[Site "Chess.com"]
[Date "2024.04.16"]
[Round "1"]
[White "AlejandroArias"]
[Black "HamedWafa4"]
[Result "0-1"]
[WhiteElo "2424"]
[BlackElo "2771"]
[TimeControl "180+1"]
[EndTime "14:06:17 PDT"]
[Termination "HamedWafa4 won by checkmate"]

1. e3 d5 2. Nf3 g6 3. c4 c6 4. Be2 Bg7 5. d4 Nf6 6. O-O O-O 7. Nc3 Bf5 8. b3 Ne4 9. Nxe4 Bxe4 10.
Bb2 a5 11. a3 Nd7 12. cxd5 Bxd5 13. Bc4 Nf6 14. Qc2 Bxf3 15. gxf3 Nd5 16. f4 e6 17.
Rfd1 Qh4 18. Bf1 Bf6 19. Bg2 Kh8 20. Qe2 Rg8 21. Qf3 Be7 22. Kh1 f5 23. Rac1 Bf6 24. Ba1 g5 25. fxg5 Rxg5 26. Bf1 Rag8 27. Be2 Be7 28.
Rg1 Bd6 29. h3 Bg3 30. Rxg3 Rxg3 31. fxg3 Qxh3+ 32. Kg1 Rxg3+ 33. Qxg3 Qxg3+ 34. Kf1 Nxe3# 0-1

[Event "Late-Titled-Tuesday-Blitz-April-16-2024"]
[Site "Chess.com"]
[Date "2024.04.16"]
[Round "1"]
[White "lluiss"]
[Black "rdarruda"]
[Result "1/2-1/2"]
[WhiteElo "2120"]
[BlackElo "2541"]
[TimeControl "180+1"]
[EndTime "14:06:19 PDT"]
[Termination "Game drawn by stalemate"]

1. Nf3 d5 2. d4 Nf6 3. c4 c6 4. cxd5 cxd5 5. Nc3 Nc6 6. Bf4 e6 7. e3 Bd6 8. Bxd6 Qxd6 9. Bd3 O-O 10. O-O e5 11.
Nxe5 Nxe5 12. dxe5 Qxe5 13. Qd2 Be6 14. Ne2 a6 15. h3 Rac8 16. Nd4 Bd7 17. Rfc1 g6 18. Rxc8 Rxc8 19. Rc1 Rc7 20. Rc3 Ne8 21. Qc1 Qd6 22.
a3 h6 23. b4 Kg7 24. Qb2 Kg8 25. Qc2 Rxc3 26. Qxc3 Nc7 27. Nf3 Ne6 28. Qe5 Qxe5 29. Nxe5 Be8 30. Nf3 Kf8 31. Nd4 Ke7 32. Nxe6 fxe6 33.
f4 Kd6 34. Kf2 e5 35. g3 g5 36. h4 gxh4 37. gxh4 Bd7 38. Kg3 Bc8 39. Kf2 b6 40. Ke1 a5 41. Kd2 Bh3 42. Kc3 Bg2 43. Kd2 Bf3 44. Kc3 Bd1 45. Kd2 Ba4 46. Kc3 Bd7 47. Bg6 d4+ 48. Kd2 exf4 49. exf4 Kd5 50. Bd3 Bg4 51. Bg6 axb4 52. axb4 Kc4 53. f5 Kd5 54. f6 Ke6 55. f7 Ke7 56. Kd3 Be6 57. Kxd4 Bxf7 58. Bxf7 Kxf7 59. Kd5 Kg6 60. b5 Kh5 61.
Kc6 Kxh4 62. Kxb6 Kg3 63. Kc7 h5 64. b6 h4 65. b7 h3 66. b8=Q h2 67. Qg8+ Kf2 68. Qf7+ Kg1 69. Qg6+ Kh1 70. Kd6 1/2-1/2

[Event "Late-Titled-Tuesday-Blitz-April-16-2024"]
[Site "Chess.com"]
[Date "2024.04.16"]
[Round "1"]
[White "DraningWaterHi"]
[Black "Koalaskakistis"]
[Result "0-1"]
[WhiteElo "2224"]
[BlackElo "2566"]
[TimeControl "180+1"]
[EndTime "14:06:20 PDT"]
[Termination "Koalaskakistis won by checkmate"]

1. d4 Nf6 2. c4 c5 3. d5 e6 4.
Nc3 exd5 5. cxd5 d6 6. g3 g6 7. Bg2 Bg7 8. Nf3 O-O 9. O-O Bg4 10. h3 Bxf3 11. Bxf3 Na6 12. Bf4 Nc7 13. a4 b6 14.
e4 a6 15. Be2 Qe7 16. Bd3 Nd7 17. Be3 Ne5 18. Bc2 Nc4 19. Bc1 b5 20. Qe2 Bxc3 21. bxc3 Nxd5 22. Bh6 Rfe8 23. Qd3 Nf6 24. f3 Nh5 25.
Kg2 Qf6 26. f4 d5 27. Bg5 Qb6 28. a5 Qb7 29. Rfe1 dxe4 30. Qe2 e3+ 31. Kh2 Kg7 32. Rad1 h6 33. Bh4 Nd2 34. Rxd2 exd2 35. Qxd2 Qf3 36. Bd1 Qc6 37. Bxh5 gxh5 38. f5 Rxe1 39.
f6+ Kg8 40. Qxe1 Re8 41. Qd1 Qe4 42. Qxh5 Qc2+ 43. Kg1 Re1# 0-1

[Event "Late-Titled-Tuesday-Blitz-April-16-2024"]
[Site "Chess.com"]
[Date "2024.04.16"]
[Round "1"]
[White "shirovin"]
[Black "albayo"]
[Result "0-1"]
[WhiteElo "2050"]
[BlackElo "2544"]
[TimeControl "180+1"]
[EndTime "14:06:21 PDT"]
[Termination "albayo won by resignation"]

1. e4 c5 2. Nf3 g6 3. d4 cxd4 4. Nxd4 Bg7 5. c4 Nc6 6. Be3 Nf6 7.
Nc3 O-O 8. f3 d6 9. Be2 a5 10.
O-O Nxd4 11. Bxd4 Bd7 12. Rc1 Bc6 13. Qd2 Nd7 14. Bxg7 Kxg7 15. Nd5 Nc5 16. Qc3+ e5 17. f4 Nxe4 18. Qe3 f5 19. Rfd1 Rc8 20. Bf3 Bxd5 21.
Rxd5 exf4 22. Qd4+ Qf6 23. Bxe4 fxe4 24. Qxe4 Qxb2 25. Rcd1 Rce8 26. Qd4+ Qxd4+ 27. R5xd4 Re2 28. a3 f3 29. gxf3 Rxf3 30. Rxd6 Rxa3 31. Rd7+ Kh6 32.
Rxb7 Raa2 33. Rc1 Rg2+ 34. Kf1 Rxh2 35. Kg1 Rag2+ 36. Kf1 Rh1+ 37. Kxg2 Rxc1 38. Rc7 a4 39. c5 a3 40. c6 a2 41. Ra7 a1=Q 0-1

[Event "Late-Titled-Tuesday-Blitz-April-16-2024"]
[Site "Chess.com"]
[Date "2024.04.16"]
[Round "1"]
[White "VD_coach"]
[Black "Cluke86"]
[Result "1-0"]
[WhiteElo "2626"]
[BlackElo "2323"]
[TimeControl "180+1"]
[EndTime "14:06:22 PDT"]
[Termination "VD_coach won by resignation"]

1. Nf3 Nf6 2. d4 d6 3. c4 g6 4. g3 Bg7 5. Bg2 O-O 6. O-O c5 7. Nc3 Bf5 8. dxc5 dxc5 9. Ne5 Qc8 10. Qb3 Ne4 11. Nxe4 Bxe5 12. Nf6+ Bxf6 13. Bxb7 Bc2 14.
Bxc8 Bxb3 15. Bb7 Bxc4 16. Bxa8 Bxe2 17. Re1 Bd3 18. Bf4 Na6 19. Be4 Bxe4 20. Rxe4 Bxb2 21. Rb1 Bf6 22. Rb7 Nb4 23. Be5 Nd5 24. Bxf6 exf6 25. Rxa7 Rc8 26. Rea4 c4 27. Ra8 Rxa8 28. Rxa8+ Kg7 29.
Rc8 c3 30. Rc5 Nb4 31. a3 1-0

[Event "Late-Titled-Tuesday-Blitz-April-16-2024"]
[Site "Chess.com"]
[Date "2024.04.16"]
[Round "1"]
[White "chucksterf10"]
[Black "JaackCamel"]
[Result "1-0"]
[WhiteElo "2580"]
[BlackElo "2231"]
[TimeControl "180+1"]
[EndTime "14:06:22 PDT"]
[Termination "chucksterf10 won on time"]

1. b3 e5 2. Bb2 Nc6 3. e3 a6 4.
Nf3 d6 5. d4 e4 6. Nfd2 d5 7. c4 Be6 8. Nc3 Nf6 9. cxd5 Bxd5 10. Nxd5 Qxd5 11. Bc4 Qf5 12. O-O Rd8 13. f3 Qg5 14. Nxe4 Qxe3+ 15. Kh1 Nxe4 16. fxe4 f6 17. e5 Bb4 18. exf6 g6 19. d5 Ne5 20. Bxe5 Qxe5 21.
a3 Bc3 22. Rc1 O-O 23. Qf3 Rd6 24. Qxc3 Qh5 25. Rce1 Qg4 26. Re7 Qg5 27. Rg7+ Kh8 28. f7 Rf6 29. Rxf6 Kxg7 30. Rf5+ Kh6 31. Qh3+ Qh5 32.
Qe3+ Kg7 33. Qe5+ 1-0

[Event "Late-Titled-Tuesday-Blitz-April-16-2024"]
[Site "Chess.com"]
[Date "2024.04.16"]
[Round "1"]
[White "JaloliddinIlkhomi"]
[Black "Road2GM3000"]
[Result "1-0"]
[WhiteElo "2786"]
[BlackElo "2439"]
[TimeControl "180+1"]
[EndTime "14:06:23 PDT"]
[Termination "JaloliddinIlkhomi won by checkmate"]

1. Nf3 d5 2. d4 Nf6 3. Bf4 c6 4. e3 Qb6 5. b3 Bf5 6. Bd3 Bg6 7. O-O e6 8. Nbd2 Nbd7 9. Ne5 Nxe5 10. Bxe5 Be7 11.
Qe2 O-O 12. c4 Nd7 13. Bg3 Rac8 14. Rac1 Qa5 15. Nf3 Rfe8 16. Ne5 Nxe5 17. Bxe5 Qd8 18. Bg3 Bd6 19. Rfd1 Bxd3 20. Qxd3 Bxg3 21. hxg3 h6 22. b4 Qe7 23. a3 Rc7 24. f4 Rec8 25. c5 Re8 26. a4 f6 27. e4 dxe4 28. Qxe4 Rd7 29. b5 cxb5 30. axb5 Red8 31. Rc4 Rd5 32. Re1 Kf7 33. c6 Rxb5 34. c7 Rc8 35. g4 Qd6 36. Rec1 g5 37. Qh7+ Ke8 38. Qxh6 Qxf4 39. Re1 Qd6 40.
Qxf6 Rxc7 41. Rxe6+ Qxe6 42. Qxe6+ Re7 43. Rc8# 1-0

[Event "Late-Titled-Tuesday-Blitz-April-16-2024"]
[Site "Chess.com"]
[Date "2024.04.16"]
[Round "1"]
[White "OPQRC"]
[Black "trriinu"]
[Result "1-0"]
[WhiteElo "2592"]
[BlackElo "2256"]
[TimeControl "180+1"]
[EndTime "14:06:23 PDT"]
[Termination "OPQRC won by resignation"]

1. g3 g6 2. Bg2 Bg7 3. d3 Nf6 4. e4 d6 5. Ne2 O-O 6. O-O e5 7. Nbc3 Nc6 8. h3 Be6 9. Kh2 Qc8 10. f4 a6 11. g4 Bxg4 12. hxg4 Qxg4 13. Bh3 Qh4 14.
Qe1 Qh5 15. Qg3 exf4 16. Nxf4 Qa5 17. Kh1 Nd4 18. Bd2 Nxc2 19. Rac1 Nd4 20. Qf2 Qe5 21.
Ncd5 Nxd5 22. Nxd5 Qh5 23. Kg2 f5 24. Rxc7 fxe4 25.
Rxg7+ Kxg7 26. Qxd4+ Kg8 27. Be6+ Rf7 28. Bxf7+ Kf8 29.
Bxg6+ Qf3+ 30. Rxf3+ exf3+ 31. Kxf3 hxg6 32. Qf6+ 1-0